[Event "Live Chess"]
[Site "Chess.com"]
[Date "2020.05.16"]
[Round "1.71"]
[White "Diakonova, Ekaterina"]
[Black "Gamal, Alaa"]
[Result "1-0"]
[ECO "B38"]
[WhiteElo "2138"]
[BlackElo "1628"]
[PlyCount "93"]
[EventDate "2020.??.??"]
[TimeControl "180+2"]
[WhiteClock "0:00:20"]
[BlackClock "0:00:53"]

1. e4 g6 2. d4 c5 3. Nf3 cxd4 4. Nxd4 Bg7 5. c4 Nc6 6. Be3 Nf6 7. Nc3 d6 8. f3 O-O 9. Be2 Bd7 10. Qd2 a6 11. O-O Rc8 12. Rac1 Ne5 13.
b3 Qa5 14. Nd5 Qd8 15. a4 Bc6 16. a5 Bxd5 17. exd5 Ned7 18. b4 b6 19. Ra1 Ne5 20. Rfc1 Rb8 21. f4 Ned7 22. Nc6 Qc7 23. Nxb8 Qxb8 24. Bd4 bxa5 25. Rxa5 Qb7 26. Rca1 Ra8 27. Qb2 Nb8 28. Bf3 Qd7 29. c5 dxc5 30. bxc5 Ra7 31. c6 Nxc6 32. dxc6 Qc7 33. Be5 Nh5 34. Bxh5 Bxe5 35. Qxe5 Qxe5 36. fxe5 gxh5 37. Rxa6 Rc7 38.
Rc1 Kg7 39. Rb6 f6 40. Rb7 Rc8 41. Rxe7+ Kg6 42. c7 fxe5 43. Rd7 Kf6 44. Rd8 Ke7 45. Rxc8 Kd7 46. Rd8+ Ke6 47. c8=Q+ {[%emt 0:00:01] Diakonova, Ekaterina won by resignation} 1-0

[Event "Live Chess"]
[Site "Chess.com"]
[Date "2020.05.16"]
[Round "1.72"]
[White "Gamal, Alaa"]
[Black "Diakonova, Ekaterina"]
[Result "0-1"]
[ECO "E61"]
[WhiteElo "1627"]
[BlackElo "2139"]
[PlyCount "100"]
[EventDate "2020.??.??"]
[TimeControl "180+2"]
[WhiteClock "0:00:50"]
[BlackClock "0:00:50"]

1. c4 Nf6 2. Nc3 g6 3. g3 Bg7 4. Bg2 O-O 5. e3 e5 6. Nge2 c6 7. d4 d6 8. dxe5 dxe5 9. O-O Qc7 10. b3 Be6 11. Qc2 Nbd7 12. Bb2 Nh5 13.
f4 Qb6 14. Bc1 exf4 15. gxf4 Bf5 16. Qd1 Rad8 17. Qe1 Bd3 18. Kh1 Bxe2 19. Qxe2 Bxc3 20. Rb1 Bg7 21. f5 Nhf6 22. e4 Rfe8 23. Bb2 Ne5 24. fxg6 hxg6 25. Qe1 Nd3 26. Qh4 Nxb2 27. Rxb2 Nxe4 28. Rbf2 Nxf2+ 29. Qxf2 Qxf2 30. Rxf2 Rd1+ 31.
Bf1 Ree1 32. Kg2 Bd4 33. Rf4 g5 34. Rf3 Kg7 35. h4 Rxf1 36.
Rxf1 Rxf1 37. Kxf1 gxh4 38. Kg2 Kf6 39. Kh3 Kg5 40. a3 f5 41. a4 a5 42. c5 Bxc5 43. b4 Bxb4 44. Kh2 Kg4 45. Kg2 h3+ 46. Kh2 Kh4 47. Kg1 Kg3 48. Kh1 f4 49. Kg1 f3 50. Kf1 f2 {[%emt 0:00:02] Diakonova, Ekaterina won by
resignation} 0-1

[Event "Live Chess"]
[Site "Chess.com"]
[Date "2020.05.16"]
[Round "1.73"]
[White "Diakonova, Ekaterina"]
[Black "Gamal, Alaa"]
[Result "1-0"]
[ECO "B00"]
[WhiteElo "2140"]
[BlackElo "1626"]
[PlyCount "105"]
[EventDate "2020.??.??"]
[TimeControl "180+2"]
[WhiteClock "0:00:35"]
[BlackClock "0:00:55"]

1. e4 b6 2. d4 Bb7 3. Nc3 g6 4. f4 Bg7 5. Nf3 e6 6. Be3 Ne7 7. Bd3 d6 8. Qd2 a6 9. O-O-O c5 10. dxc5 bxc5 11. e5 d5 12. Bxc5 O-O 13. Nd4 Nd7 14. Bd6 Re8 15. g4 Nc6 16. Nxc6 Bxc6 17. Ne2 d4 18. Rhg1 Qb6 19. Bc4 Bf3 20. Qxd4 Qxd4 21. Rxd4 Red8 22. Bc7 Rdc8 23. Rxd7 Ra7 24. Rd8+ Rxd8 25. Bxd8 Rd7 26. Bb6 Rb7 27. Be3 a5 28. b3 a4 29. Nd4 Be4 30. Nb5 axb3 31. cxb3 Rd7 32. Rd1 Bd5 33. a4 Bf8 34. Kb2 h5 35. g5 Bb4 36. Bxd5 exd5 37. Bd2 Bc5 38. b4 Be7 39. Kb3 d4 40. Be1 d3 41. Kc3 Kf8 42. Rxd3 Rxd3+ 43. Kxd3 Bd8 44. a5 Ke7 45. Kc4 Kd7 46. Nd6 Ke6 47. b5 Bc7 48. a6 Bb6 49. Nc8 Be3 50.
b6 Kd7 51. b7 Ba7 52. Nxa7 Kc7 53. Nc6 {[%emt 0:00:01]
Diakonova, Ekaterina won by resignation} 1-0

[Event "Live Chess"]
[Site "Chess.com"]
[Date "2020.05.16"]
[Round "1.81"]
[White "Karas, Eugenia"]
[Black "Posadas, Rayelynn"]
[Result "1-0"]
[ECO "D10"]
[WhiteElo "1844"]
[BlackElo "1574"]
[PlyCount "59"]
[EventDate "2020.??.??"]
[TimeControl "180+2"]
[WhiteClock "0:00:05"]
[BlackClock "0:00:52"]

1. d4 d5 2. c4 c6 3. cxd5 cxd5 4. Bg5 Nc6 5. Nc3 Nf6 6. Bxf6 exf6 7. Nf3 Be6 8. e3 Bd6 9. Bd3 O-O 10. O-O a6 11. h3 Rc8 12. a3 Ne7 13.
Rc1 Bf5 14. Bxf5 Nxf5 15. Nxd5 Rxc1 16. Qxc1 Kh8 17. Nc3 Qd7 18. Qd2 h6 19. Rc1 Ne7 20. Ne4 Rc8 21. Rxc8+ Nxc8 22. Nxd6 Nxd6 23. Qc2 Qb5 24. Nd2 Qd7 25. b3 Kg8 26. Nc4 Nxc4 27. Qxc4 Kf8 28. Kf1 Ke7 29. Qc5+ Ke8 30. Ke2 {[%emt 0:00:04] Karas, Eugenia won on time} 1-0

[Event "Live Chess"]
[Site "Chess.com"]
[Date "2020.05.16"]
[Round "1.82"]
[White "Posadas, Rayelynn"]
[Black "Karas, Eugenia"]
[Result "1/2-1/2"]
[ECO "C01"]
[WhiteElo "1579"]
[BlackElo "1839"]
[PlyCount "140"]
[EventDate "2020.??.??"]
[TimeControl "180+2"]
[WhiteClock "0:00:19"]
[BlackClock "0:00:24"]

1. e4 e6 2. d4 d5 3. exd5 exd5 4. Nf3 Nc6 5. Be2 Nf6 6. O-O Be7 7. c3 O-O 8. Be3 h6 9. Nbd2 Be6 10. Re1 Qd7 11. Nf1 Ne4 12. Bd3 Bg4 13.
h3 Bxf3 14. Qxf3 f5 15. Bf4 Bd6 16. Ng3 Ne7 17. Bxd6 Qxd6 18. Nh5 c6 19. c4 Qg6 20. Nf4 Qf6 21. Qe3 Rfe8 22. f3 Nd6 23.
c5 Nf7 24. Qe6 Qxe6 25. Rxe6 Ng5 26. Re5 Kf7 27. Rae1 Rad8 28. h4 Nh7 29. Kh2 g6 30. g3 Nf8 31. Kh3 Nd7 32. R5e3 Nc8 33. Rxe8 Rxe8 34. Rxe8 Kxe8 35. Nxg6 Ne7 36. Nf4 Kf7 37. Kg2 b6 38. cxb6 axb6 39. Kf2 c5 40. dxc5 bxc5 41. Ke3 d4+ 42. Ke2 Ne5 43. Bb5 Kf6 44. Nd3 Nd5 45. Nxe5 Kxe5 46. Bc4 Nb4 47. a3 Nc6 48. f4+ Kd6 49. Bd3 Na5 50. Bxf5 c4 51. Bc2 Kd5 52. g4 Nc6 53. g5 hxg5 54. fxg5 Ne5 55. g6 d3+ 56. Bxd3 cxd3+ 57. Kd2 Nxg6 58. h5 Ne5 59. h6 Nf7 60. Kxd3 Nxh6 61. Kc3 Kc5 62. b4+ Kb5 63. Kb3 Nf5 64. a4+ Kb6 65. Kc4 Nd6+ 66. Kc3 Ne4+ 67. Kc4 Nd2+ 68. Kc3 Ne4+ 69. Kd4 Nd2 70. Kc3 Ne4+ {[%emt 0:00:02] Game drawn
by repetition} 1/2-1/2

[Event "Live Chess"]
[Site "Chess.com"]
[Date "2020.05.16"]
[Round "1.83"]
[White "Karas, Eugenia"]
[Black "Posadas, Rayelynn"]
[Result "1/2-1/2"]
[ECO "D10"]
[WhiteElo "1834"]
[BlackElo "1584"]
[PlyCount "118"]
[EventDate "2020.??.??"]
[TimeControl "180+2"]
[WhiteClock "0:00:11"]
[BlackClock "0:00:10"]

1. d4 d5 2. c4 c6 3. cxd5 cxd5 4. Bg5 h6 5. Bf4 Nc6 6. Nc3 Nf6 7. e3 Bf5 8. Bd3 Bxd3 9. Qxd3 e6 10. Nf3 Bd6 11. Bxd6 Qxd6 12. O-O O-O 13. Rac1 a6 14. a3 Rac8 15. Rfd1 Rfe8 16. h3 Re7 17. Ne2 Rec7 18. Qd2 Ne4 19. Qd3 Na5 20. Rxc7 Rxc7 21. Rc1 Nc4 22. Qc2 Rc6 23. Qb3 Na5 24. Rxc6 Nxb3 25. Rxd6 Nxd6 26. Kf1 Nc4 27. Ke1 Nxb2 28. Ne5 b5 29. Nc6 Nc4 30. Nc3 Nxa3 31. Nb4 a5 32. Nc6 b4 33. Na4 Nc4 34. Kd1 Kf8 35. Kc2 Na1+ 36. Kb1 Nb3 37. Kc2 Nbd2 38. Nxa5 Nxa5 39. Kxd2 Ke7 40. Kc2 Kd6 41. Nc5 f6 42. f4 g5 43. g3 h5 44. h4 gxf4 45. gxf4 Nc4 46. Kd3 Na5 47. Kc2 Nc6 48. Kb3 e5 49. fxe5+ fxe5 50. Nb7+ Kc7 51. Nc5 exd4 52. Ne6+ Kd6 53. Nxd4 Nxd4+ 54. exd4 Kc6 55. Kxb4 Kb6 56.
Ka4 Ka6 57. Kb4 Kb6 58. Ka4 Ka6 59. Kb4 Kb6 {[%emt 0:00:01] Game drawn by repetition} 1/2-1/2

[Event "Live Chess"]
[Site "Chess.com"]
[Date "2020.05.16"]
[Round "1.84"]
[White "Posadas, Rayelynn"]
[Black "Karas, Eugenia"]
[Result "1/2-1/2"]
[ECO "C01"]
[WhiteElo "1589"]
[BlackElo "1829"]
[PlyCount "146"]
[EventDate "2020.??.??"]
[TimeControl "180+2"]
[WhiteClock "0:00:14"]
[BlackClock "0:00:16"]

1. e4 e6 2. d4 d5 3. exd5 exd5 4. Nf3 Nc6 5. Be2 Nf6 6. O-O Be7 7. c3 O-O 8. Nbd2 Bf5 9. h3 h6 10. Re1 Qd7 11. Nf1 Ne4 12. Bd3 Bd6 13.
Ne3 Bh7 14. Nxd5 Bh2+ 15. Kxh2 Qxd5 16. Qc2 Nf6 17. Bxh7+ Nxh7 18. Bf4 Qd7 19. Ne5 Nxe5 20. Rxe5 Nf6 21. Rae1 Nd5 22. Qe4 c6 23. Kh1 Nf6 24. Qe3 Nd5 25. Qg3 Nxf4 26. Qxf4 Rae8 27. a3 f6 28. R5e3 Rxe3 29. Rxe3 Re8 30. Rg3 Qf7 31. Qd2 Qe7 32. Re3 Qf7 33. Rg3 Qe7 34. b4 Qe1+ 35. Qxe1 Rxe1+ 36. Kh2 Ra1 37. Re3 Rxa3 38. Re7 Rxc3 39. Rxb7 Rc4 40. Rxa7 Rxb4 41. Ra6 Rxd4 42. Rxc6 Kf7 43. Kg3 Kg6 44. f3 h5 45. h4 Kh6 46. Kh3 Rd3 47. Ra6 Rd4 48. Ra5 Rd3 49. Kg3 Rd4 50. Rc5 Rd3 51. Rc4 Rd5 52. Re4 Rc5 53. Kf4 g5+ 54. Kg3 Rc6 55. hxg5+ fxg5 56. Re5 Kg6 57. Ra5 h4+ 58. Kh3 Kh6 59. Rd5 Kg6 60. g3 hxg3 61. Kxg3 Kh6 62. Kg4 Rc4+ 63. Kg3 Rc6 64. Rd8 Kg6 65. Rg8+ Kh6 66. Kg4 Rc4+ 67. Kg3 Rc5 68. Rh8+ Kg7 69. Ra8 Kg6 70. Ra6+ Kf5 71. Ra8 Kg6 72. Ra6+ Kf5 73. Ra8 Kg6 {[%emt 0:00:01] Game drawn by repetition}
1/2-1/2

[Event "Live Chess"]
[Site "Chess.com"]
[Date "2020.05.16"]
[Round "2.11"]
[White "Bayat, Shohreh"]
[Black "Norinkeviciute, Rasa"]
[Result "1-0"]
[ECO "B07"]
[WhiteElo "2060"]
[BlackElo "2080"]
[PlyCount "129"]
[EventDate "2020.??.??"]
[TimeControl "180+2"]
[WhiteClock "0:00:16"]
[BlackClock "0:00:31"]

1. d4 d6 2. Nf3 Nf6 3. Nc3 Nbd7 4. e4 c6 5. Bc4 Qc7 6. O-O e5 7. a4 h6 8. Be3 Be7 9. Bb3 g5 10. dxe5 dxe5 11. Qe2 Nf8 12. Nd2 Ng6 13. f3 Rg8 14. Kh1 Nf4 15. Bxf4 gxf4 16. Nc4 Be6 17. Nd2 Qd7 18. Bxe6 Qxe6 19. Nb3 O-O-O 20. Rfd1 Kb8 21. Rxd8+ Rxd8 22. Rd1 Rd7 23. Rxd7 Nxd7 24. Qd2 Kc7 25. a5 Nc5 26. Nxc5 Bxc5 27. Qd3 Bd4 28. a6 bxa6 29. Qxa6 Bb6 30. Qd3 Qe7 31. Qc4 Qd7 32. Qd3 Qe7 33. Qc4 Qd7 34. Qd3 Bd4 35. h3 Qe6 36. b3 Qd6 37. Qc4 Qd7 38.
Nb5+ Kb6 39. Nxd4 Qxd4 40. Qxf7 Qd1+ 41. Kh2 Qxc2 42. Qe6 Qc3 43. Qxh6 Qxb3 44. h4 Qc3 45. h5 Qe1 46. Qg5 a5 47. h6 Qb4 48. h7 Qf8 49. Qg8 Qh6+ 50. Kg1 Qh4 51. h8=Q Qe1+ 52. Kh2 Qf2 53. Qb8+ Kc5 54. Qhxe5+ Kc4 55. Qxf4 c5 56. e5+ Kc3 57. Qb5 Qd4 58. Qxd4+ cxd4 59. Qxa5+ Kc2 60. Qd5 d3 61. Qxd3+ Kxd3 62. e6 Ke3 63. e7 Kf4 64. e8=Q Kg5 65. Qg8+ {[%emt 0:00:01] Bayat, Shohreh won on time} 1-0

[Event "Live Chess"]
[Site "Chess.com"]
[Date "2020.05.16"]
[Round "2.12"]
[White "Norinkeviciute, Rasa"]
[Black "Bayat, Shohreh"]
[Result "0-1"]
[ECO "A03"]
[WhiteElo "2051"]
[BlackElo "2068"]
[PlyCount "58"]
[EventDate "2020.??.??"]
[TimeControl "180+2"]
[WhiteClock "0:00:33"]
[BlackClock "0:00:05"]

1. f4 d5 2. Nf3 g6 3. g3 Bg7 4. Bg2 c6 5. O-O Nd7 6. d3 e5 7. fxe5 Nxe5 8.
Nc3 Ne7 9. e4 Nxf3+ 10. Qxf3 O-O 11. exd5 Bxc3 12. bxc3 Nxd5 13. Bh6 Be6 14. c4 Nb4 15. Bxf8 Qxf8 16. c3 Nc2 17. Rac1 Na3 18. Kh1 Rd8 19. Rcd1 Qc5 20. Qf4 Nc2 21. Rf2 Ne3 22. Rdd2 Ng4 23. Rfe2 Qa3 24. Rc2 Rxd3 25. Red2 Rxc3 26. Qd4 Rxc2 27. Rxc2 Qe3 28. Qxe3 Nxe3 29. Rc3 Nxc4 {[%emt 0:00:01] Bayat, Shohreh won on time} 0-1

[Event "Live Chess"]
[Site "Chess.com"]
[Date "2020.05.16"]
[Round "2.13"]
[White "Bayat, Shohreh"]
[Black "Norinkeviciute, Rasa"]
[Result "0-1"]
[ECO "B00"]
[WhiteElo "2060"]
[BlackElo "2078"]
[PlyCount "98"]
[EventDate "2020.??.??"]
[TimeControl "180+2"]
[WhiteClock "0:00:18"]
[BlackClock "0:00:33"]

1. d4 Nf6 2. Nf3 b6 3. Nc3 e6 4. e4 Bb7 5. Bd3 d6 6. Be3 a6 7. h3 Nbd7 8. a4 c5 9. Qd2 Qc7 10. O-O Be7 11. b3 O-O 12. Ne2 Rac8 13.
Ng3 Bc6 14. c3 Bb7 15. Rfe1 Rfe8 16. Bf4 e5 17. dxe5 dxe5 18. Bg5 h6 19. Be3 Bf8 20. Nh4 Nb8 21. Nhf5 Rcd8 22. Qe2 Rd7 23. Bc4 Nc6 24. Qf3 Na5 25. Nxh6+ gxh6 26. Qxf6 Bg7 27. Qh4 Nxc4 28. bxc4 Qc6 29. f3 Qg6 30. Nf5 Re6 31. Rad1 Rxd1 32. Rxd1 Bf6 33. Qxh6 Qxh6 34. Nxh6+ Kg7 35. Nf5+ Kg6 36. h4 Bc6 37. a5 bxa5 38. Bxc5 a4 39. Bd6 Re8 40. g4 Bd8 41. Rb1 Ba5 42. Rc1 Bd7 43. Kg2 Bxf5 44. exf5+ Kg7 45. g5 f6 46. g6 Rd8 47. c5 Re8 48. Ra1 e4 49. Rxa4 exf3+ {[%emt 0:00:01]
Norinkeviciute, Rasa won on time} 0-1

[Event "Live Chess"]
[Site "Chess.com"]
[Date "2020.05.16"]
[Round "2.14"]
[White "Norinkeviciute, Rasa"]
[Black "Bayat, Shohreh"]
[Result "0-1"]
[ECO "A03"]
[WhiteElo "2053"]
[BlackElo "2068"]
[PlyCount "196"]
[EventDate "2020.??.??"]
[TimeControl "180+2"]
[WhiteClock "0:01:03"]
[BlackClock "0:00:08"]

1. f4 d5 2. Nf3 g6 3. g3 Bg7 4. Bg2 c6 5. d3 Nf6 6. O-O O-O 7. h3 Qd6 8. Kh2 Nbd7 9. Nc3 b6 10. e4 dxe4 11. dxe4 Qxd1 12. Rxd1 Nc5 13. e5 Nfe4 14. Nxe4 Nxe4 15. Be3 c5 16. Ng5 Nxg5 17. Bxa8 Ne6 18. Bg2 Nc7 19. c3 f6 20. exf6 Bxf6 21. Rd2 e5 22. Rad1 Be6 23. a3 Bb3 24. Re1 exf4 25.
Bxf4 Ne6 26. Bh6 Re8 27. Bd5 Bxd5 28. Rxd5 Re7 29. Rd2 Kf7 30. Rde2 g5 31. h4 gxh4 32. gxh4 Bxh4 33. Rf1+ Kg6 34. Bd2 h6 35. Kh3 Bg5 36. Rg2 Rd7 37. Bxg5 hxg5 38. Rgf2 Nf4+ 39. Kg4 Rh7 40. Kf3 Rh3+ 41. Ke4 Rh7 42. Rd2 Re7+ 43. Kf3 Re6 44. Rff2 a6 45. Rd8 b5 46. Rg8+ Kf5 47. Rf8+ Kg6 48. Kg4 Nd3 49. R2f7 Re4+ 50. Kg3 Nxb2 51. Rf6+ Kg7 52. R8f7+ Kg8 53. Rf8+ Kg7 54. Rf5 Re3+ 55. Kg4 Rxc3 56. Ra8 Rxa3 57. Ra7+ Kg6 58. Rxg5+ Kf6 59. Rxc5 Nc4 60. Rc6+ Ke5 61. Rd7 Re3 62. Rc8 Re4+ 63. Kg3 Re3+ 64. Kg2 Re4 65. Re8+ Kf4 66. Rf7+ Ke3 67. Rd8 Rd4 68. Re8+ Kd3 69. Ra7 a5 70. Rb8 b4 71. Rh7 Kc3 72. Rh3+ Rd3 73. Rh4 Rd4 74. Rh3+ Rd3 75. Rh1 Rd2+ 76. Kg3 b3 77. Rc8 a4 78. Kf4 b2 79. Rh3+ Kb4 80.
Rb8+ Ka5 81. Ra8+ Kb4 82. Rb8+ Ka5 83. Rh5+ Ka6 84. Rh6+ Ka7 85. Rb4 a3 86. Rh7+ Ka6 87. Rh6+ Ka5 88. Rxc4 b1=Q 89. Rc5+ Kb4 90. Rb6+ Kxc5 91. Rxb1 Rb2 92. Ra1 a2 93. Ke3 Kb4 94. Kd3 Kb3 95. Rc1 Rb1 96. Rc3+ Kb4 97. Rc4+ Kb5 98. Rc2 a1=Q {[%emt 0:00:01] Bayat, Shohreh won on time} 0-1

[Event "Live Chess"]
[Site "Chess.com"]
[Date "2020.05.16"]
[Round "2.21"]
[White "Somton, Anita"]
[Black "Varney, Zoe"]
[Result "0-1"]
[ECO "D30"]
[WhiteElo "1908"]
[BlackElo "1979"]
[PlyCount "66"]
[EventDate "2020.??.??"]
[TimeControl "180+2"]
[WhiteClock "0:00:23"]
[BlackClock "0:00:22"]

1. d4 d5 2. Nf3 Nf6 3. c4 c6 4. Qc2 e6 5. Bf4 Nbd7 6. e3 Be7 7. Nbd2 O-O 8. Bd3 h6 9. h3 Re8 10. O-O Bf8 11. Ne5 Nxe5 12. Bxe5 Nd7 13. Bh2 e5 14. cxd5 cxd5 15. dxe5 Nxe5 16. Be2 Nc6 17. Nf3 d4 18. Rfd1 Qf6 19. Nxd4 Nxd4 20. Rxd4 Bf5 21. Qd2 Qg6 22. Kh1 Bc5 23. Rd5 Be4 24. f3 Bxd5 25. Qxd5 Bb6 26. e4 Qc6 27. Qb3 Rac8 28. Bf4 Qc2 29. Bd1 Qf2 30. Bh2 Red8 31. Qb5 Rd2 32. Be2 Rxe2 33. Rg1 Re1 {[%emt 0:00:01] Varney, Zoe won by
resignation} 0-1

[Event "Live Chess"]
[Site "Chess.com"]
[Date "2020.05.16"]
[Round "2.22"]
[White "Varney, Zoe"]
[Black "Somton, Anita"]
[Result "1-0"]
[ECO "A55"]
[WhiteElo "1988"]
[BlackElo "1901"]
[PlyCount "81"]
[EventDate "2020.??.??"]
[TimeControl "180+2"]
[WhiteClock "0:00:17"]
[BlackClock "0:00:25"]

1. e4 c6 2. c4 e5 3. Nf3 d6 4. d4 Nd7 5. Nc3 Ngf6 6. Bd3 Be7 7. O-O O-O 8.
Re1 a6 9. a4 b6 10. b4 Bb7 11. Bb2 c5 12. bxc5 bxc5 13. dxe5 dxe5 14. Nd5 Nxd5 15. exd5 f6 16. Bf5 Bd6 17. Be6+ Kh8 18. Nh4 Qe8 19. Nf5 Bc7 20. Qg4 g6 21. Nh6 f5 22. Qg5 Bd8 23. Qg3 f4 24. Qg4 Bc8 25.
Bxd7 Qxd7 26. Bxe5+ Bf6 27. Bxf6+ Rxf6 28. Qxd7 Bxd7 29. Re7 Rd8 30. Nf7+ Rxf7 31. Rxf7 g5 32. Re7 Kg8 33. a5 h6 34. Rae1 Kf8 35. d6 Bc6 36. R7e6 Kg8 37. Rxh6 Kg7 38. Rhe6 Bd7 39. Re7+ Kf8 40. f3 Kg8 41. Kf2 {[%emt 0:00:01]
Varney, Zoe won by resignation} 1-0

[Event "Live Chess"]
[Site "Chess.com"]
[Date "2020.05.16"]
[Round "2.23"]
[White "Somton, Anita"]
[Black "Varney, Zoe"]
[Result "1-0"]
[ECO "E01"]
[WhiteElo "1911"]
[BlackElo "1974"]
[PlyCount "89"]
[EventDate "2020.??.??"]
[TimeControl "180+2"]
[WhiteClock "0:00:18"]
[BlackClock "0:00:30"]

1. d4 d5 2. Nf3 Nf6 3. c4 e6 4. g3 Bd6 5. Bg2 c6 6. O-O Nbd7 7. Nc3 O-O 8. Qc2 dxc4 9. a4 e5 10. Bg5 exd4 11. Nxd4 h6 12. Be3 Nb6 13. Nf5 Bxf5 14. Qxf5 Qe7 15. Rfd1 Rfd8 16. a5 Nbd5 17. Nxd5 cxd5 18. Bxd5 Nxd5 19. Rxd5 Bc7 20. Rad1 Rxd5 21.
Rxd5 Rd8 22. Kf1 Rxd5 23. Qxd5 Qb4 24. Bd4 Bxa5 25. Qe5 f6 26. Qe8+ Kh7 27. Kg2 Qd6 28. Qe4+ Kg8 29. Bxa7 Bb6 30. Bxb6 Qxb6 31. Qxc4+ Kh7 32. Qc3 Qd6 33. b4 Qb6 34. e3 Kg8 35. Qc4+ Kf8 36. Qc5+ Qxc5 37. bxc5 Ke7 38. Kf3 Kd7 39. Ke4 Kc6 40. Kd4 g5 41. f4 b6 42. cxb6 Kxb6 43. Kd5 Kc7 44. Ke6 gxf4 45. exf4 {[%emt 0:00:01] Somton, Anita
won by resignation} 1-0

[Event "Live Chess"]
[Site "Chess.com"]
[Date "2020.05.16"]
[Round "2.24"]
[White "Varney, Zoe"]
[Black "Somton, Anita"]
[Result "0-1"]
[ECO "A55"]
[WhiteElo "1961"]
[BlackElo "1921"]
[PlyCount "88"]
[EventDate "2020.??.??"]
[TimeControl "180+2"]
[WhiteClock "0:01:06"]
[BlackClock "0:00:45"]

1. e4 c6 2. c4 e5 3. Nf3 d6 4. d4 Nd7 5. Nc3 Ngf6 6. Be2 Be7 7. O-O O-O 8. b4 a6 9. a4 Re8 10. Bb2 Nf8 11. dxe5 dxe5 12. Qxd8 Rxd8 13. c5 Ng6 14. Rfd1 Be6 15. Rxd8+ Rxd8 16. Rd1 Rxd1+ 17. Bxd1 Bc4 18. Bc2 Bd8 19. Nd2 Be6 20. Kf1 b6 21. cxb6 Bxb6 22. Ke2 Ng4 23. f3 Nf4+ 24. Kd1 Ne3+ 25. Kc1 Nfxg2 26. Bb3 Bxb3 27. Nxb3 Nh4 28. Ne2 Nxf3 29. h3 Nc4 30. Bc3 f6 31. a5 Be3+ 32. Kc2 Ng5 33. Ng3 Nxh3 34. Kd3 Bf2 35. Nf5 Na3 36. Ne7+ Kf7 37. Nxc6 Nf4+ 38. Kd2 Nc4+ 39. Kc2 h5 40. Nc5 h4 41. Nxa6 h3 42. b5 h2 43. b6 Nxb6 44. axb6 Bxb6 {[%emt 0:00:01]
Somton, Anita won by resignation} 0-1

[Event "Live Chess"]
[Site "Chess.com"]
[Date "2020.05.16"]
[Round "2.25"]
[White "Varney, Zoe"]
[Black "Somton, Anita"]
[Result "0-1"]
[ECO "A55"]
[WhiteElo "1949"]
[BlackElo "1930"]
[PlyCount "86"]
[EventDate "2020.??.??"]
[TimeControl "300"]
[WhiteClock "0:00:24"]
[BlackClock "0:00:06"]

1. e4 c6 2. c4 e5 3. Nf3 d6 4. d4 Nd7 5. Nc3 Ngf6 6. Be2 Be7 7. O-O O-O 8.
Qc2 a6 9. Rd1 Qc7 10. Be3 Re8 11. h3 Nf8 12. b4 exd4 13. Nxd4 Ne6 14. Nf5 Bd7 15. Na4 c5 16. bxc5 dxc5 17. Nxe7+ Rxe7 18. Nc3 Qe5 19. f3 Bc6 20. Nd5 Ree8 21. Rab1 Nh5 22. Bc1 Nhf4 23. Nxf4 Nxf4 24. Bb2 Qg5 25. Bf1 Nxh3+ 26. Kh2 Nf4 27. Qf2 Re6 28. g3 Rh6+ 29. Kg1 Nh3+ 30. Bxh3 Rxh3 31. Kg2 Rh5 32. Rh1 Rxh1 33. Rxh1 Rd8 34. Bc1 Qg6 35. Qxc5 h6 36. Qe3 b5 37. cxb5 Bxb5 38. Rh4 Rd3 39. Qf4 Qe6 40. Rg4 Kh7 41. Kh3 h5 42. Kh4 hxg4 43. fxg4 Qh6+ {[%emt 0:00:01] Somton, Anita won by resignation} 0-1

[Event "Live Chess"]
[Site "Chess.com"]
[Date "2020.05.16"]
[Round "2.31"]
[White "Sucikova, Svetlana"]
[Black "Dicen, Elis"]
[Result "1-0"]
[ECO "A13"]
[WhiteElo "2117"]
[BlackElo "1878"]
[PlyCount "137"]
[EventDate "2020.??.??"]
[TimeControl "180+2"]
[WhiteClock "0:00:57"]
[BlackClock "0:01:08"]

1. Nf3 e6 2. e3 Nf6 3. c4 Be7 4. Nc3 O-O 5. Be2 d5 6. b3 c5 7. cxd5 exd5 8. d4 cxd4 9. Nxd4 Bb4 10. Bd2 Nbd7 11. O-O b6 12. Nc6 Qc7 13. Nxb4 Bb7 14. Rc1 Qe5 15. Nd3 Qe7 16. Nb5 Ne4 17. Bb4 Ndc5 18. Nd4 Rac8 19. Nf3 h6 20. Nxc5 bxc5 21. Ba3 Rfd8 22. Bd3 Nf6 23. Bb1 Ba6 24. Re1 Bb7 25. Bb2 Ne4 26. Nd2 Ba8 27. Nxe4 dxe4 28. Qc2 Rd7 29. Qc3 f6 30. Rcd1 Rdc7 31. Rd2 c4 32. bxc4 Rxc4 33. Qb3 Kh8 34. Red1 R4c7 35. Ba3 Qe8 36. Rc2 Rxc2 37. Bxc2 Qc6 38. Bb1 a6 39. h3 Qc7 40. Rc1 Qd8 41. Rxc8 Qxc8 42. Qc2 Qb7 43. Qb3 Qc8 44. Bc2 Bb7 45. Bd1 Kh7 46. Bg4 Qc7 47. Bf5+ Kh8 48. Qb4 Qb8 49. Bxe4 Qc8 50. Qxb7 Qd8 51. Qe7 Qxe7 52. Bxe7 Kg8 53. a4 Kf7 54. Bc5 Ke6 55. Bb7 Kd7 56. Bxa6 Kc7 57. Bf8 Kb6 58. Bb5 Ka5 59. Bxg7 f5 60. Bxh6 Kb6 61. Bg5 Ka7 62. h4 Ka8 63. h5 Kb7 64. h6 Ka7 65. h7 Kb7 66. h8=Q Ka7 67. Qg7+ Ka8 68.
Bc6+ Kb8 69. Qb7# {[%emt 0:00:01] Sucikova, Svetlana won
by checkmate} 1-0

[Event "Live Chess"]
[Site "Chess.com"]
[Date "2020.05.16"]
[Round "2.32"]
[White "Dicen, Elis"]
[Black "Sucikova, Svetlana"]
[Result "0-1"]
[ECO "B13"]
[WhiteElo "1875"]
[BlackElo "2121"]
[PlyCount "120"]
[EventDate "2020.??.??"]
[TimeControl "180+2"]
[WhiteClock "0:00:20"]
[BlackClock "0:00:19"]

1. e4 c6 2. Nf3 d5 3. exd5 cxd5 4. d4 Nc6 5. Bd3 Nf6 6. O-O Bg4 7. Be3 e6 8. Nc3 Be7 9. Re1 O-O 10. h3 Bh5 11. Be2 a6 12. Nh2 Bg6 13.
Bd3 b5 14. Bxg6 hxg6 15. a3 Qc7 16. Nf3 Bd6 17. Qd2 Na5 18.
Qe2 Nc4 19. Rab1 Nxa3 20. Bg5 Nc4 21. Bxf6 gxf6 22. Nd1 Rac8 23. c3 Kg7 24. Ne3 Nxe3 25. fxe3 Bg3 26. Rf1 Rb8 27. e4 dxe4 28. Qxe4 Rfd8 29. Qe2 Rd5 30. Nd2 Bd6 31. Ne4 Be7 32. Qf3 f5 33. Ng3 b4 34. Ne2 Rdb5 35. Nf4 bxc3 36. Qg3 Bd6 37. Nh5+ Kf8 38. Qg5 gxh5 39. Qh6+ Ke8 40. Qh8+ Bf8 41. Qxh5 Rxb2 42. Rbe1 Qc6 43. Qg5 c2 44. d5 Qxd5 45. Rxf5 Qd1 46. Rff1 Qd7 47. Qf4 Rb1 48. Qe4 Rxe1 49. Qxe1 Rb1 50. Qf2 Rxf1+ 51. Qxf1 Qd1 52. Qxd1 cxd1=Q+ 53. Kf2 a5 54. Kg3 a4 55. Kf2 a3 56.
Kg3 a2 57. Kf2 a1=Q 58. Kg3 Qe5+ 59. Kh4 Qdd4+ 60. g4 Qf2# {[%emt 0:
00:01] Sucikova, Svetlana won by checkmate} 0-1

[Event "Live Chess"]
[Site "Chess.com"]
[Date "2020.05.16"]
[Round "2.33"]
[White "Sucikova, Svetlana"]
[Black "Dicen, Elis"]
[Result "1-0"]
[ECO "A13"]
[WhiteElo "2125"]
[BlackElo "1872"]
[PlyCount "153"]
[EventDate "2020.??.??"]
[TimeControl "180+2"]
[WhiteClock "0:01:14"]
[BlackClock "0:00:58"]

1. Nf3 e6 2. c4 Nf6 3. e3 d5 4. b3 dxc4 5. Bxc4 Be7 6. Bb2 O-O 7. O-O b6 8. Nc3 Bb7 9. Qe2 Nc6 10. Rac1 Qd7 11. Bb5 Bd6 12. d4 Qe7 13. Bxc6 Bxc6 14. Nb5 Bb7 15. Nxd6 Qxd6 16. Ne5 Qd5 17. f3 Qd6 18. Rc2 Nd7 19. Rfc1 Rac8 20. Ng4 f6 21. Nf2 c5 22. dxc5 Nxc5 23. Ba3 Qe5 24. Bxc5 bxc5 25. Nd3 Qd5 26. Nxc5 Ba8 27. b4 Rfd8 28. h3 f5 29. Qc4 Qxc4 30. Rxc4 Bd5 31. R4c2 Kf7 32. a3 Ke7 33. Kh2 g6 34. Kg3 g5 35. e4 Ba8 36. exf5 exf5 37. Re2+ Kf6 38. Rce1 h5 39. Re6+ Kg7 40. Re7+ Kg8 41. R1e5 f4+ 42. Kh2 Rd5 43. Rxd5 Bxd5 44. Re5 Ba8 45. Rxg5+ Kf7 46. Rf5+ Kg6 47. Rxf4 Kg5 48. Rf7 Kg6 49. Rxa7 h4 50. Rd7 Bc6 51. Rd4 Kf7 52. Rxh4 Kg6 53. a4 Kg7 54. a5 Kg6 55. a6 Kg7 56. Rg4+ Kh7 57. Rd4 Ba8 58.
a7 Kg6 59. Na4 Kh7 60. b5 Kg6 61. Nb6 Rg8 62. Nxa8 Rxa8 63. b6 Kf7 64. b7 Rxa7 65. b8=Q Re7 66. Rf4+ Ke6 67. Re4+ Kf7 68. Rxe7+ Kxe7 69. h4 Kf6 70. h5 Kg7 71. Qe5+ Kh7 72. g4 Kg8 73. h6 Kh7 74. Qh5 Kg8 75.
h7+ Kh8 76. f4 Kg7 77. h8=Q# {[%emt 0:00:01] Sucikova, Svetlana won by checkmate} 1-0